AoeStats
← tanque99lobos

Golden Pit

508775833Analyzed
1v1 RM · 7d ago on Sep 24, 2026· 24m 24s· 2 players
Game mode
Random Map
Map size
Tiny (2 player)
Population
200
Speed
Normal
Resources
Standard
Victory
Conquest
Starting age
Dark Age
Ending age
Imperial Age
RankedLock teamsTeams togetherTeam positionsShared explorationLock speedFull tech treeHidden civsTurbo modeCheats
Victory
Defeat
🇲🇽 Spanish · Mexico
533
+16
🇦🇷 Vikings · Argentina
536
-16
tanque99lobos
7:45 Loom
11:09 Feudal Age
15:41 Castle Age
leoogimenez1
0:44 Loom
13:18 Feudal Age
15:16 Double-Bit Axe
15:49 Man-at-Arms
22:46 Castle Age
21:13 Forging
20:52 Horse Collar
23:09 Pikeman
Connection lost

Rejoining the realm…

Still unreachable

The connection could not be restored.

Session expired

The server has moved on; the page needs a fresh start.